 Dungeon Crawl Stone Soup version 0.23-a0-395-gcf17ac6c65 (webtiles) character file.

53 Notair the Chopper (level 3, -4/31 HPs)
             Began as a Minotaur Gladiator on Nov 2, 2018.
             Slain by a gnoll
             ... wielding a +0 flail
              (13 damage)
             ... on level 2 of the Dungeon.
             The game lasted 00:01:20 (835 turns).

Notair the Chopper (Minotaur Gladiator)              Turns: 835, Time: 00:01:21

Health: -4/31      AC:  3    Str: 19    XL:     3   Next: 62%
Magic:  0/2        EV: 12    Int:  5    God:
Gold:   63         SH:  0    Dex: 11    Spells: 2/2 levels left

rFire    . . .     SeeInvis .   a - +0 war axe
rCold    . . .     Gourm    .   (no shield)
rNeg     . . .     Faith    .   b - +0 leather armour
rPois    .         Spirit   +   c - +0 hat
rElec    .         Reflect  .   k - scarf {Spirit}
rCorr    .         Harm     .   (no gloves)
MR       .....                  (no boots)
Stlth    +.........             (no amulet)
HPRegen  0.10/turn              (no ring)
MPRegen  0.08/turn              (no ring)

@: no status effects
A: retaliatory headbutt, horns 2
a: no special abilities


You were on level 2 of the Dungeon.
You were not hungry.

You visited 1 branch of the dungeon, and saw 2 of its levels.

You collected 63 gold pieces.

Inventory:

Hand Weapons
 a - a +0 war axe (weapon)
Missiles
 d - 3 throwing nets (quivered)
Armour
 b - a +0 leather armour (worn)
 c - a +0 hat (worn)
 k - a scarf of spirit shield (worn)
Scrolls
 g - 3 scrolls of identify {unknown}
 h - 4 scrolls of remove curse {unknown}
 m - a scroll of random uselessness {unknown}
 n - a scroll of teleportation {unknown}
Potions
 e - a potion of flight {unknown}
 i - 2 potions of berserk rage {unknown}
 j - a potion of lignification {unknown}
 l - a potion of curing {unknown}
Comestibles
 f - 7 rations


   Skills:
 + Level 3.4 Fighting
 * Level 5.1 Axes
 - Level 2.0 Throwing
 - Level 3.2 Dodging


You had 2 spell levels left.
You didn't know any spells.
Your spell library was empty.

Dungeon Overview and Level Annotations

Branches:
Dungeon (2/15)

Altars:
Kikubaaqudgha


Innate Abilities, Weirdness & Mutations

You reflexively headbutt those who attack you in melee.
You have a pair of horns on your head.


Message History

Found a stone staircase leading down.
There are monsters nearby!
The gnoll shouts!
You hit the gnoll but do no damage. The gnoll hits you with a +0 flail!
There are monsters nearby!
There are monsters nearby!
You barely miss the gnoll. The gnoll hits you with a +0 flail!
There are monsters nearby!
You are too injured to fight recklessly!
You are too injured to fight recklessly!
There are monsters nearby!
You are too injured to fight recklessly!
There are monsters nearby!
You are too injured to fight recklessly!
You closely miss the gnoll. The gnoll hits you with a +0 flail.
* * * LOW HITPOINT WARNING * * *
You closely miss the gnoll. You headbutt the gnoll.
The gnoll is moderately wounded.
The gnoll hits you with a +0 flail!
You die...

. ####### #########....######
#...... ...)....#...gggg@.##
#......
........#...>####..########......
........#. ##..............<
........# ######..........
.....#### #.........) .#<###
#......#### .#†## #.........#
.#..# #.........# ....# #. ..
...###.....#


You could see 4 gnolls.

Vanquished Creatures
  2 worms (D:2)
  2 dart slugs
  8 bats
  3 giant cockroaches
  4 goblins
  2 hobgoblins
  7 jackals (D:1)
  5 kobolds (D:1)
  A quokka (D:2)
  A ball python (D:1)
  A frilled lizard (D:1)
  4 rats (D:1)
40 creatures vanquished.

Notes
Turn   | Place    | Note
-------+----------+-------------------------------------------
     0 | D:1      | Notair the Minotaur Gladiator began the quest for the Orb.
     0 | D:1      | Reached XP level 1. HP: 18/18 MP: 0/0
    39 | D:1      | Reached skill level 4 in Axes
    46 | D:1      | Reached XP level 2. HP: 25/25 MP: 1/1
   349 | D:1      | Reached XP level 3. HP: 31/31 MP: 2/2
   705 | D:2      | Found an ancient bone altar of Kikubaaqudgha.
   720 | D:2      | Reached skill level 5 in Axes
   835 | D:2      | Slain by a gnoll

Vault maps used:
D:1:      dpeg_arrival_arbitrary_b
D:2:      kiku_gazebo_pond_becter, first_ration

Skill      XL: |  1  2  3 |
---------------+----------+-----
Axes           | 4 5 |  5.1
Fighting       | 3 |  3.4
Throwing       | |  2.0
Dodging        | |  3.2

Action                   || total
-------------------------++-------
Melee: War axe           ||    68
       Headbutt          ||    10
Armor: Leather armour    ||    16
Dodge: Dodged            ||    48

Table legend:
 A = Non-vault XP
 B = Vault XP
 C = Vault XP percentage of total XP
 D = Non-vault monster count
 E = Vault monster count
 F = Vault count percentage of total count
                 A         B        C        D         E       F
            +---------+---------+-------+---------+---------+-------
      Total |      76 |       0 |   0.0 |      40 |       0 |   0.0
            +---------+---------+-------+---------+---------+-------
        D:1 |      52 |       0 |   0.0 |      31 |       0 |   0.0
        D:2 |      24 |       0 |   0.0 |       9 |       0 |   0.0
            +---------+---------+-------+---------+---------+-------
